 Dungeon Crawl Stone Soup version 0.29-a0-25-g7f48f510a0 (webtiles) character file.

Game seed: 10857416500819830151

1362 HallandMoats the Skirmisher (level 8, -7/57 HPs)
             Began as an Octopode Fighter on Jan 31, 2022.
             Was a Follower of the Shining One.
             Mangled by a killer bee (9 damage)
             ... on level 5 of the Dungeon.
             The game lasted 00:06:05 (3485 turns).

HallandMoats the Skirmisher (Octopode Fighter)      Turns: 3485, Time: 00:06:06

Health: -7/57      AC:  1    Str: 15    XL:     8   Next: 64%
Magic:  11/11      EV: 14    Int: 10    God:    the Shining One [*.....]
Gold:   147        SH:  7    Dex: 11    Spells: 7/7 levels left

rFire   + + +      SeeInvis +   a - +1 trident
rCold   . . .      Faith    .   i - +2 buckler
rNeg    . . .      Spirit   .   (helmet restricted)
rPois   .          Reflect  .   m - amulet of regeneration
rElec   +          Harm     .   b - ring of see invisible
rCorr   +          Rampage  .   q - ring "Pioq" {rElec rF+++ rCorr Dex-3}
Will    .....                   (no ring)
Stlth   +.........              (no ring)
HPRegen 0.99/turn               (no ring)
MPRegen 0.12/turn               (no ring)
                                (no ring)
                                (no ring)

@: mighty, lethally poisoned (-7 -> -9), glowing
A: almost no armour, amphibious, 8 rings, camouflage 1, gelatinous body 1,
(nimble swimmer 1), tentacles
a: Renounce Religion, Divine Shield


You were on level 5 of the Dungeon.
You worshipped the Shining One.
The Shining One was aware of your devotion.
You visited 2 branches of the dungeon, and saw 6 of its levels.

You collected 163 gold pieces.
You donated 16 gold pieces to Zin.

Inventory:

Hand Weapons
 a - a +1 trident (weapon)
 s - a +2 scythe of venom
Armour
 i - a +2 buckler (worn)
Jewellery
 b - a ring of see invisible (left tentacle)
 m - an amulet of regeneration (around mantle)
 q - the ring "Pioq" (right tentacle) {rElec rF+++ rCorr Dex-3}
   (You found it on level 4 of the Dungeon)

   [ring of resist corrosion]

   Dex:       It affects your dexterity (-3).
   rF:        It renders you almost immune to fire.
   rElec:     It insulates you from electricity.
   rCorr:     It protects you from acid and corrosion.
Scrolls
 e - a scroll of teleportation {unknown}
 f - a scroll of enchant weapon
 h - 4 scrolls of identify {unknown}
 j - a scroll of enchant armour {unknown}
 k - a scroll of fog {unknown}
 o - a scroll of magic mapping {unknown}
 p - a scroll of noise {unknown}
 r - 2 scrolls of torment {unknown}
Potions
 c - 2 potions of might
 g - a potion of magic
 l - 2 potions of attraction {unknown}
 n - 2 potions of mutation {unknown}
 t - a potion of resistance {unknown}


   Skills:
 * Level 6.2 Fighting
 * Level 5.7 Polearms
 + Level 4.8 Dodging
 + Level 4.9 Shields
 + Level 4.1 Invocations


You had 7 spell levels left.
You didn't know any spells.
Your spell library contained the following spells:

 Spells                   Type           Power      Damage    Failure   Level
 Sandblast                Erth           0%         2d4       43%         1
 Passwall                 Tmut/Erth      0%         N/A       58%         2
 Frozen Ramparts          Ice            0%         1d2       82%         3
 Stone Arrow              Conj/Erth      0%         3d7       82%         3
 Ice Form                 Ice/Tmut       0%         N/A       99%         4
 Summon Ice Beast         Ice/Summ       0%         N/A       99%         4


Dungeon Overview and Level Annotations

Branches:
Dungeon (5/15)             Temple (1/1) D:4

Altars:
Ashenzari
Cheibriados
Dithmenos
Elyvilon
Fedhas
Gozag
Hepliaklqana
Kikubaaqudgha
Makhleb
Nemelex Xobeh
Okawaru
Qazlal
Ru
Sif Muna
Trog
Uskayaw
Vehumet
Wu Jian
Xom
Yredelemnul
Zin
The Shining One

Shops:
D:5 *


Innate Abilities, Weirdness & Mutations

You cannot wear most types of armour.
You are amphibious.
You can wear up to eight rings at the same time.
Your skin changes colour to match your surroundings (Stealth+).
Your rubbery body absorbs attacks. (AC +1, EV +1)
((You are camouflaged when in or above water. (Stealth+)))
You have tentacles for arms and can constrict up to eight enemies at once.


Message History

You feel very mighty all of a sudden.
You feel sick. The killer bee barely misses you. The killer bee misses you.
You barely miss the killer bee. Your grab misses the killer bee.
You squeeze the killer bee!
The killer bee is almost dead.
You feel sick. You block the killer bee's attack. The killer bee misses you.
You closely miss the killer bee. Your grab misses the killer bee.
The killer bee is almost dead.
You feel sick. The killer bee barely misses you.
The killer bee closely misses you.
You closely miss the killer bee. You grab the killer bee.
You squeeze the killer bee.
You kill the killer bee!
You feel sick. The killer bee stings you.
* * * LOW HITPOINT WARNING * * *
You are more poisoned.
The killer bee poisons you!
It was a potion of curing.
You feel better. The killer bee stings you.
You are poisoned.
The killer bee poisons you! The killer bee barely misses you.
You barely miss the killer bee. Your grab misses the killer bee.
You feel sick. You block the killer bee's attack. The killer bee misses you.
You closely miss the killer bee. Your grab misses the killer bee.
You feel sick. You block the killer bee's attack. The killer bee stings you.
* * * LOW HITPOINT WARNING * * *
You impale the killer bee!!
You kill the killer bee!
You feel sick. The killer bee misses you.
You feel better. The killer bee stings you!
* * * LOW HITPOINT WARNING * * *
The killer bee stings you!
* * * LOW HITPOINT WARNING * * *
You are lethally poisoned!
The killer bee poisons you!
Unknown command.
It was a potion of magic.
Magic courses through your body.
* * * LOW HITPOINT WARNING * * *
You feel very sick. The killer bee stings you!
You die...

#..)..########...##......#
#.....# ..#...##.#+##..
#.....# ...#...##[# ..
..#####.....####...#...##.
.
..........................
.
............s............
#########'#.......!.......
.W........y##########
..........yyy@.......
..........W##########
...........# ............
.............
###...#....... ...#......
#....


You could see a phantom and 4 killer bees.

Vanquished Creatures
  Pikel (D:3)
  Sigmund (D:4)
  An ogre (D:4)
  Blork the orc (D:4)
  A scorpion (D:4)
  A water moccasin zombie (D:4)
  A water moccasin skeleton (D:4)
  2 killer bees (D:5)
  A bullfrog zombie (D:3)
  An orc priest (D:4)
  A bullfrog skeleton (D:4)
  A hound (D:4)
  A centaur skeleton (D:3)
  3 orc wizards
  3 adders
  4 dart slugs
  A worm (D:2)
  6 orcs
  6 ball pythons (D:1)
  6 bats
  5 endoplasms
  A giant cockroach (D:3)
  8 goblins
  3 hobgoblins
  7 jackals (D:2)
  4 quokkas
  3 frilled lizards
  5 kobolds
  4 rats
83 creatures vanquished.

Notes
Turn   | Place    | Note
-------+----------+-------------------------------------------
     0 | D:1      | HallandMoats the Octopode Fighter began the quest for the
                  | Orb.
     0 | D:1      | Reached XP level 1. HP: 16/16 MP: 1/1
   289 | D:1      | Reached XP level 2. HP: 21/21 MP: 2/2
   332 | D:1      | Found a faded altar of an unknown god.
   390 | D:1      | Prayed at the altar of an unknown god.
   390 | D:1      | Became a worshipper of Zin the Law-Giver
   390 | D:1      | Reached * piety under Zin
  1031 | D:2      | Reached ** piety under Zin
  1054 | D:2      | Reached XP level 3. HP: 17/26 MP: 3/3
  1365 | D:2      | Reached skill level 1 in Invocations
  1896 | D:3      | Reached XP level 4. HP: 24/33 MP: 5/5
  2135 | D:3      | Reached XP level 5. HP: 37/37 MP: 6/6
  2357 | D:3      | Reached skill level 4 in Fighting
  2372 | D:3      | Found a sparkling altar of Nemelex Xobeh.
  2543 | D:4      | Noticed an ogre
  2551 | D:4      | Killed an ogre
  2575 | D:4      | Noticed Blork the orc
  2602 | D:4      | Killed Blork the orc
  2603 | D:4      | Reached XP level 6. HP: 44/44 MP: 7/7
  2691 | D:4      | Identified the ring "Pioq" {rElec rF+++ rCorr Dex-3}
  2700 | D:4      | Reached *** piety under Zin
  2717 | D:4      | Noticed Pikel
  2750 | D:3      | Killed Pikel
  2751 | D:3      | Reached skill level 5 in Fighting
  2751 | D:3      | Reached XP level 7. HP: 19/50 MP: 7/9
  2751 | D:3      | Reached XP level 8. HP: 21/56 MP: 7/10
  2824 | D:4      | Found a staircase to the Ecumenical Temple.
  2829 | D:4      | Reached skill level 5 in Polearms
  2884 | Temple   | Entered the Ecumenical Temple
  2974 | Temple   | Fell from the grace of Zin
  2974 | Temple   | Became a worshipper of the Shining One
  2974 | Temple   | Reached * piety under the Shining One
  3121 | D:4      | Noticed Sigmund
  3132 | D:4      | Killed Sigmund
  3183 | D:4      | Reached skill level 6 in Fighting
  3433 | D:5      | Entered Level 5 of the Dungeon
  3433 | D:5      | Found Goamoisu's Gadget Gallery.
  3485 | D:5      | HP: 2/57 [poisoned by a killer bee]
  3485 | D:5      | Mangled by a killer bee

Illustrated notes

Levels and vault maps discovered:
D:1:      dpeg_arrival_ternary, layout_loops_ring,
          hellmonk_ecumenical_altar_inner_sanctum, grunt_decor_clamped
D:2:      layout_rooms
D:3:      layout_rooms, nemelex_diamond_rough_becter
D:4:      layout_rooms, minmay_temple_entry_mist,
          minmay_misc_feat_secret_circle, uniq_pikel, uniq_blork_the_orc,
          uniq_sigmund
D:5:      layout_basic, corexii_item_surrounded_by_moat, nicolae_shop_gadgets
Temple:   grunt_wide_crystal_templ

Skill      XL: |  1  2  3  4  5  6  7  8 |
---------------+-------------------------+-----
Invocations    | 1 2 3 4 |  4.1
Polearms       | 3 4 5 |  5.7
Fighting       | 4 5 6 |  6.2
Dodging        | 4 |  4.8
Shields        | 4 |  4.9

Action                   |  1- 3 |  4- 6 |  7- 9 || total
-------------------------+-------+-------+-------++-------
Melee: Trident           |    85 |    59 |    56 ||   200
       Constrict         |    15 |     9 |    14 ||    38
       Tentacles         |     7 |    12 |    14 ||    33
       Punch             |     2 |     1 |     1 ||     4
Throw: Throwing net      |       |     1 |       ||     1
Invok: Vitalisation      |       |     1 |       ||     1
  Use: Scroll            |     1 |       |       ||     1
       Potion            |       |       |     4 ||     4
 Stab: Sleeping          |     9 |     5 |       ||    14
       Distracted        |       |     1 |       ||     1
Armor: Skin              |     2 |     4 |     2 ||     8
Dodge: Dodged            |    36 |    16 |    48 ||   100
Block: Buckler           |    11 |    11 |    17 ||    39

Table legend: (Time is in decaauts)
 A = Elapsed time spent in this place.
 B = Non-inter-level travel time spent in this place.
 C = Inter-level travel time spent in this place.
 D = Time resting spent in this place.
 E = Time spent auto-exploring this place.
 F = Levels seen in this place.
 G = Mean time per level.
                   A        B        C        D        E       F      G
               +--------+--------+--------+--------+--------+-----+--------+
         Total |   3522 |   3362 |    160 |     53 |   2589 |   6 |  587.0 |
       Dungeon |   3414 |   3271 |    143 |     53 |   2552 |   5 |  682.8 |
        Temple |    107 |     90 |     17 |      0 |     37 |   1 |  107.0 |
               +--------+--------+--------+--------+--------+-----+--------+

Top non-repeatable levels by time:
     D:1: 1030 daAuts
     D:3: 891 daAuts
     D:2: 730 daAuts
     D:4: 709 daAuts
  Temple: 107 daAuts
     D:5: 52 daAuts
